Cogmind - Beta 13 X1 @@@ ROGUE MODE // 2023.11.14 @ 20:07:19 Player: leiavoia Result: Escaped! Performance ------------- Evolutions (9) 4500 Regions Visited (18) 3600 Robots Destroyed (280) 1400 Value Destroyed (16789) 16789 Prototype IDs (44) 880 Alien Tech Used (0) 0 Bonus (16563) 16563 TOTAL SCORE: 43732 Bonus ------- Triggered High Security 500 High Alert Combat Kills 5538 Follower Combat Kills 3057 Entered Garrisons 1000 Used RIF Installer 4000 Aligned with FarCom 300 Scanned by Researcher 500 Win 3000 Friendly Fire -1332 Cogmind --------- Core Integrity 1353/1600 Matter 285/300 Energy 808/820 System Corruption 0% Temperature Cool (30) Movement Flying (13) Location To Epsilon Eridani Parts ------- > --- POWER (2) -------- Light Antimatter Reactor Micro Antimatter Reactor > --- PROPULSION (6) --- Impulse Thruster Array Experimental Q-thruster Experimental Q-thruster Experimental Q-thruster Experimental Q-thruster > --- UTILITY (14) ----- Advanced Heat Sink Medium Storage Unit Experimental Energy Well Advanced Weight Redist. System Improved Power Shielding Advanced Hacking Suite Relay Coupler [Swarmer] (61) Relay Coupler [Swarmer] (30) Relay Coupler [Grunt] (2) > --- WEAPON (3) ------- Advanced Remote Datajack Force Lance > --- INVENTORY (10) --- Cooled Fission Core Nuclear Pulse Thruster Field Propulsion Array Matter Compressor (250) Long-range Tractor Beam Enhanced Nova Cannon Compact Linear Accelerator Micro-nuke Launcher Fusion Bomb Launcher Peak State ------------ > --- POWER ------------ Cooled Fission Core Particle Reactor > --- PROPULSION ------- Improved Heavy Treads Advanced Heavy Siege Treads Advanced Heavy Siege Treads > --- UTILITY ---------- Advanced Heat Sink Advanced Heat Sink Huge Storage Unit Heavy Servo Lattice Improved Force Field Improved Remote Force Field Advanced Hacking Suite Relay Coupler [NC] Relay Coupler [Swarmer] Relay Coupler [Grunt] Relay Coupler [Brawler] Relay Coupler [Duelist] Relay Coupler [Sentry] Relay Coupler [Hunter] > --- WEAPON ----------- Enhanced Nova Cannon Compact Linear Accelerator Compact Linear Accelerator > --- INVENTORY -------- Light Antimatter Reactor Nuclear Pulse Thruster Nuclear Pulse Thruster Experimental Q-thruster Experimental Q-thruster Experimental Q-thruster Experimental Energy Well Matter Compressor Modified TNC Relay Coupler [Swarmer] Relay Coupler [Hunter] Long-range Tractor Beam Enhanced Nova Cannon Heavy Mass Driver Heavy Mass Driver Heavy Mass Driver Micro-nuke Launcher Fusion Bomb Launcher Advanced Remote Datajack Plasma Sword [Rating: 170] Favorites ----------- Power Heavy Deuterium Engine Engine Heavy Deuterium Engine Power Core Cooled Fission Core Reactor Cold Fusion Reactor Propulsion Advanced Treads Treads Advanced Treads Leg Aluminum Leg Wheel Armored Wheel Flight Unit Experimental Q-thruster Utility Huge Storage Unit Device Advanced Heat Sink Storage Huge Storage Unit Processor Modified TNC Hackware Relay Coupler [Duelist] Protection Layered Medium Armor Plating Weapon Grenade Launcher Energy Gun Improved Spread Laser Energy Cannon Heavy Particle Cannon Ballistic Gun Light Assault Rifle Ballistic Cannon Compact Linear Accelerator Launcher Grenade Launcher Special Weapon Remote Datajack Impact Weapon Powered Hammer Slashing Weapon Plasma Sword Piercing Weapon Force Lance Build | -11 -10 -10 -10 -9 -8 -8 -7 -7 -7 -7 -6 -5 -4 -4 -3 -2 -2 -1 ------- Run | Jun Mat Min Exi Min Mat Gar Fac Gar Fac Gar Fac Fac Fac Gar Res Res Gar Acc Slots Evolved 18 | . . . . . 4 . 2 . . . 2 2 2 . 2 2 . 2 Power 1 | . . . . . . . . . . . . . 1 . . . . . Propulsion 4 | . . . . . 2 . . . . . . . . . 2 . . . Utility 12 | . . . . . 2 . 2 . . . 2 1 1 . . 2 . 2 Weapon 1 | . . . . . . . . . . . . 1 . . . . . . Parts Attached 498 | . 12 . . . 30 36 10 40 1 23 6 80 38 64 31 35 49 43 Power 25 | . 1 . . . 2 . . 1 . 1 . 5 1 2 1 1 2 8 Engine 12 | . 1 . . . 2 . . 1 . . . 4 1 1 . 1 . 1 Core 3 | . . . . . . . . . . . . . . 1 . . 1 1 Reactor 10 | . . . . . . . . . . 1 . 1 . . 1 . 1 6 Propulsion 74 | . 2 . . . 7 7 1 7 1 2 . 18 9 6 1 2 3 8 Treads 52 | . 2 . . . 7 7 1 6 1 1 . 10 5 6 1 2 3 . Leg . | . . . . . . . . . . . . . . . . . . . Wheel 13 | . . . . . . . . 1 . 1 . 7 4 . . . . . Hover . | . . . . . . . . . . . . . . . . . . . Flight 9 | . . . . . . . . . . . . 1 . . . . . 8 Utility 224 | . 5 . . . 8 11 6 18 . 12 2 39 18 31 14 20 23 17 Device 107 | . 2 . . . 4 5 3 2 . 4 . 20 7 12 10 15 16 7 Storage 9 | . 2 . . . 1 . . . . 1 . 1 . . . 1 . 3 Processor 2 | . . . . . . . . . . . . . . . . . . 2 Hackware 55 | . . . . . 1 . 2 11 . 5 2 5 3 10 2 3 7 4 Protection 51 | . 1 . . . 2 6 1 5 . 2 . 13 8 9 2 1 . 1 Artifact . | . . . . . . . . . . . . . . . . . . . Weapon 175 | . 4 . . . 13 18 3 14 . 8 4 18 10 25 15 12 21 10 Energy Gun 4 | . . . . . . . . 2 . 2 . . . . . . . . Energy Cannon 27 | . 2 . . . 4 5 . . . . . . . 6 2 3 4 1 Ballistic Gun . | . . . . . . . . . . . . . . . . . . . Ballistic Cannon 56 | . . . . . 4 4 1 5 . 3 1 11 3 4 6 4 9 1 Launcher 25 | . 2 . . . 5 7 1 . . . . . . . 3 2 2 3 Special Weapon 38 | . . . . . . . 1 5 . 1 2 6 2 8 4 1 5 3 Impact Weapon 7 | . . . . . . 2 . 2 . 2 1 . . . . . . . Slashing Weapon 17 | . . . . . . . . . . . . 1 5 7 . 2 1 1 Piercing Weapon 1 | . . . . . . . . . . . . . . . . . . 1 Special Melee Weapon . | . . . . . . . . . . . . . . . . . . . Unidentified Prototypes 16 | . . . . . 2 . 1 . . 1 . 7 1 2 . 1 . 1 Parts Lost 44 | . 2 . . . . 1 3 2 . . . 11 1 8 . 2 5 9 Power 5 | . 1 . . . . . 1 . . . . 1 . . . . 1 1 Propulsion 10 | . . . . . . . 1 2 . . . 3 1 2 . . . 1 Utility 26 | . 1 . . . . 1 . . . . . 7 . 6 . 2 3 6 Weapon 3 | . . . . . . . 1 . . . . . . . . . 1 1 Highest Loss Streak 5 | . 1 . . . . 1 3 2 . . . 5 1 3 . 2 4 3 To Critical Strikes . | . . . . . . . . . . . . . . . . . . . Average Slot Usage (%) 92 | . 96 100 100 100 99 95 90 96 100 97 90 85 84 90 79 81 84 84 Engine 6 | . 14 14 14 14 9 9 6 7 7 3 . 2 4 5 4 1 . 1 Reactor 2 | . . . . . . . . . . 3 6 2 5 5 4 5 4 2 Treads 20 | . 9 28 28 28 35 35 29 25 23 21 13 10 9 8 13 13 13 2 Leg 1 | . 18 . . . . . . . . . . . . . . . . . Wheel 3 | . . . . . . . . 4 7 8 13 8 5 6 . . . . Device 7 | . 3 . . . 9 7 10 5 7 3 6 8 11 11 7 9 18 10 Storage 7 | . 14 14 14 14 9 9 7 7 7 7 6 5 5 5 4 4 4 6 Hackware 15 | . . . . . 8 2 3 21 23 25 23 24 21 21 23 28 27 28 Protection 8 | . 6 14 14 14 9 12 14 6 7 7 6 7 8 12 4 4 . 1 Energy Cannon 3 | . 22 . . . 8 6 4 . . . . . . 3 1 2 3 . Ballistic Cannon 4 | . . . . . 8 6 7 3 . 5 . 6 6 3 8 7 6 . Launcher 3 | . . 28 28 28 1 4 . . . . . . . . . . . . Special Weapon 1 | . . . . . . . 1 6 7 3 4 2 1 2 . . 1 3 Naked Turns . | . . . . . . . . . . . . . . . . . . . Heaviest Build 263 | 13 94 94 94 94 107 124 146 143 107 254 254 263 157 163 161 168 184 184 Greatest Support 235 | 20 40 40 40 40 88 86 84 84 22 28 28 135 135 150 225 235 235 235 Greatest Overweight (x) 16 | . 2 2 2 2 1 2 1 8 8 11 9 16 5 10 1 . . . Average Overweight (x) 2 | . 1 2 2 2 1 1 1 5 7 8 8 5 4 3 . . . . Largest Inventory Capacity 35 | 8 25 25 25 25 25 25 25 25 25 35 35 35 25 25 25 25 25 25 Average Capacity 24 | 8 18 25 25 25 25 25 25 25 25 26 35 31 25 25 25 25 25 13 Most Carried 35 | 6 19 21 25 25 25 25 25 25 25 34 35 35 25 25 25 25 25 25 Average Carried 23 | 6 14 20 24 25 24 24 24 24 25 26 34 30 24 24 23 24 24 12 Final Capacity 35 | 8 25 25 25 25 25 25 25 25 25 35 35 25 25 25 25 25 25 10 Final Carried 35 | 6 19 21 25 25 25 25 23 25 25 34 35 21 24 25 25 25 25 10 Class Distribution -------------------- 36% | Mutant 21% | Bothacker-Mutant 19% | Botlord-Mutant 7% | Commander-Mutant 3% | Hacker-Mutant Dominant Class ---------------- Mutant | -10/Materials Mutant | -10/Mines Commander-Mutant | -10/Exiles Commander-Mutant | -9/Mines Mutant | -8/Materials Mutant | -8/Garrison Mutant | -7/Factory Bothacker-Mutant | -7/Garrison Bothacker-Mutant | -7/Factory Bothacker-Mutant | -7/Garrison Botlord-Mutant | -6/Factory Botlord-Mutant | -5/Factory Mutant | -4/Factory Bothacker-Mutant | -4/Garrison Botlord-Mutant | -3/Research Hacker-Mutant | -2/Research Botlord-Mutant | -2/Garrison Botlord-Sprinter | -1/Access Resources | -11 -10 -10 -10 -9 -8 -8 -7 -7 -7 -7 -6 -5 -4 -4 -3 -2 -2 -1 ----------- Run | Jun Mat Min Exi Min Mat Gar Fac Gar Fac Gar Fac Fac Fac Gar Res Res Gar Acc Matter Collected 16021 | 203 505 102 . 95 581 1411 291 828 20 831 104 3276 1175 1840 1160 599 1980 1020 Remotely 5434 | . . . . . 142 91 132 . . . . 1623 563 279 636 434 1229 305 Salvage Created 11837 | 120 517 139 . 31 757 890 459 314 . 844 110 1729 1211 1400 777 462 1174 903 Parts 485 | 3 35 20 . . 52 53 28 14 . 12 . 57 50 43 26 34 29 29 Haulers Intercepted 13 | . 1 . . . 2 . 1 . . . 1 4 . . 1 1 . 2 Recyclers Shooed 8 | . 1 . . . 4 . . . . . . . 1 . . 2 . . Parts Field Recycled . | . . . . . . . . . . . . . . . . . . . Retrieved Matter . | . . . . . . . . . . . . . . . . . . . Parts Self-Destructed . | . . . . . . . . . . . . . . . . . . . Prevented . | . . . . . . . . . . . . . . . . . . . Kills | -11 -10 -10 -10 -9 -8 -8 -7 -7 -7 -7 -6 -5 -4 -4 -3 -2 -2 -1 ------- Run | Jun Mat Min Exi Min Mat Gar Fac Gar Fac Gar Fac Fac Fac Gar Res Res Gar Acc Combat Hostiles Destroyed 202 | . 12 9 . 1 18 28 8 3 . 7 . 30 9 22 13 12 23 7 Melee 2 | . . . . . . . . . . . . . . 2 . . . . Guns 4 | . 4 . . . . . . . . . . . . . . . . . Cannons 136 | . 8 . . . 7 18 3 3 . 7 . 30 7 19 10 4 20 . AOE 60 | . . 9 . 1 11 10 5 . . . . . 2 1 3 8 3 7 Classes Destroyed 20 | 2 6 . . . 2 3 2 . . . . 3 . 2 . . . . Worker 10 | . . . . . 3 . . . . . . . 2 . . 5 . . Builder 13 | . 2 . . . 3 . . . . . . 1 3 . 2 2 . . Tunneler 3 | 1 . 1 . . . . . . . . . . . . 1 . . . Hauler 13 | . 1 . . . 2 . 1 . . . 1 4 . . 1 1 . 2 Recycler 21 | 1 . . . . 3 . 1 . . . . 3 8 . 1 1 . 3 Mechanic 2 | . . . . . . . . . . . . 2 . . . . . . Operator 5 | . 1 . . . 2 . 1 . . . . . 1 . . . . . Watcher 7 | . 2 . . . 1 . 1 . . . . 1 . . . 2 . . Swarmer 44 | . 6 5 . . 9 3 . . . . . . 1 9 . . 11 . Cutter 1 | . . . . . . . . . . . . . . 1 . . . . Saboteur 2 | . . . . . . . . . . . . 1 . . . 1 . . Grunt 85 | . 6 4 . 1 7 14 5 2 . 6 . 13 . 5 6 2 7 7 Brawler 3 | . . . . . . . 1 . . . . 2 . . . . . . Duelist 2 | . . . . . . 1 . . . . . . . 1 . . . . Sentry 15 | . . . . . 3 5 . . . 1 . . . 2 . 1 3 . Specialist 2 | . . . . . . . 1 . . . . 1 . . . . . . Hunter 14 | . . . . . . 2 . . . 1 . 8 2 1 . . . . Programmer 35 | . . . . . . 3 1 1 . . . 5 6 2 7 8 2 . Heavy 1 | . . . . . . . . . . . . 1 . . . . . . Behemoth 1 | . . . . . . . . . . . . . . 1 . . . . Thug 1 | . . . . . . 1 . . . . . . . . . . . . Best Kill Streak 13 | 2 4 4 . 1 8 3 5 1 . 2 1 7 6 3 6 13 5 7 Combat Bots Only 9 | . 4 3 . 1 3 3 4 1 . 2 . 6 2 3 4 9 5 7 Max Kills in Single Turn 6 | 1 2 4 . 1 4 2 2 1 . 1 1 2 6 1 3 3 2 2 Gunslinging . | . . . . . . . . . . . . . . . . . . . Exploded 3 | . . 3 . 1 3 2 2 . . . . . 2 1 2 2 1 2 Melee 1 | . . . . . . . . . . . . . . 1 . . . . Uniques/NPCs Destroyed . | . . . . . . . . . . . . . . . . . . . Combat | -11 -10 -10 -10 -9 -8 -8 -7 -7 -7 -7 -6 -5 -4 -4 -3 -2 -2 -1 -------- Run | Jun Mat Min Exi Min Mat Gar Fac Gar Fac Gar Fac Fac Fac Gar Res Res Gar Acc Damage Taken 17969 | . 303 138 . 42 436 1283 1431 457 . 397 . 4653 141 2082 874 871 3586 1275 Core 1396 | . 65 49 . 9 12 102 74 19 . 27 . 254 13 155 18 50 302 247 Absorbed by Shields 2513 | . . . . . . . . . . 113 . . 54 565 492 290 643 356 Reduced by Siege Mode 1202 | . . . . . . . . . . . . 30 8 24 76 62 1002 . Redirected to Shielding 113 | . . . . . . . . . . . . . . 17 2 . . 94 Ignored by Resistances 234 | . . . . . . . 220 14 . . . . . . . . . . Regen/Repaired (Parts) 369 | . . . . . . . . . . . . 102 . . 267 . . . Core Remaining (%) 82 | 100 . . . 50 . 79 . . . 82 100 74 . 85 98 . 75 84 Volleys Fired 964 | 3 49 8 . 1 40 86 32 63 3 92 3 128 39 138 58 44 139 38 Largest 3 | 2 2 2 . 2 2 2 2 2 1 2 1 2 2 2 3 3 3 2 Hottest 260 | 60 120 60 . 60 119 150 123 96 5 96 83 153 153 188 245 245 260 120 Shots Fired 1370 | 6 98 16 . 2 61 140 46 70 3 101 3 181 57 162 107 72 202 43 Gun 111 | 6 28 . . . . . . 30 . 47 . . . . . . . . Cannon 979 | . 70 . . . 49 102 31 22 . 34 3 158 52 134 89 64 167 4 Launcher 111 | . . 16 . 2 12 38 10 . . . . . . . 3 7 12 11 Special 169 | . . . . . . . 5 18 3 20 . 23 5 28 15 1 23 28 Kinetic 620 | 3 14 . . . 22 38 19 22 . 34 3 158 52 54 77 46 78 . Thermal 447 | . 70 . . . 27 64 12 30 . 47 . . . 80 12 18 83 4 Explosive 111 | . . 16 . 2 12 38 10 . . . . . . . 3 7 12 11 Electromagnetic 23 | 3 14 . . . . . . . . . . . . . . . 6 . Robot Hit Streak 54 | 6 4 6 . . 5 18 5 40 . 54 1 15 23 17 12 15 23 7 Robot Miss Streak 6 | . 6 1 . . 4 4 5 2 5 3 3 5 3 3 3 2 5 2 Penetration Max 1 | . . . . . . . . . . . . 1 . . . . . . Secondary Targets 6 | . 1 . . . . . . . . . . . . . . . 4 1 Max Gunslinging Chain 2 | . 1 . . . . . . . . . . . . . . . 2 1 Shots Hit Robots 832 | 6 44 10 . . 28 71 25 54 . 79 4 122 33 107 51 43 123 32 Core Hits 644 | 3 19 17 . 3 54 88 70 44 . 111 . 42 16 38 20 39 61 19 Critical Kills 12 | . 1 . . . . . . . . . . 5 . 1 4 . 1 . Critical Parts Destroyed 21 | . . . . . . . . . . . 1 11 . . 3 1 5 . Critical Strikes 60 | . 1 . . . 1 . . . . 3 1 22 . 5 9 3 15 . Meltdown 2 | . 1 . . . . . . . . . . . . 1 . . . . Destroy 31 | . . . . . . . . . . . . 15 . . 7 2 7 . Blast 20 | . . . . . 1 . . . . 3 . 6 . 2 2 . 6 . Smash 2 | . . . . . . . . . . . 1 1 . . . . . . Sever 5 | . . . . . . . . . . . . . . 2 . 1 2 . Melee Attacks 184 | . . . . . . 6 . 17 . 9 3 4 24 46 2 14 8 51 Impact 39 | . . . . . . 6 . 17 . 9 3 4 . . . . . . Slashing 143 | . . . . . . . . . . . . . 24 46 2 14 8 49 Piercing 2 | . . . . . . . . . . . . . . . . . . 2 Sneak Attacks 16 | . . . . . . . . . . . 2 1 5 . 1 2 . 5 Combat Hostiles . | . . . . . . . . . . . . . . . . . . . Follow-up Attacks . | . . . . . . . . . . . . . . . . . . . Damage Inflicted 42158 | 62 723 797 . 141 2115 2639 1929 1483 . 2175 161 7268 3280 5958 2280 3815 5223 2109 Guns 2566 | 62 141 . . . . . . 790 . 1573 . . . . . . . . Cannons 22327 | . 582 . . . 577 1301 491 253 . 602 . 7070 1724 3775 1425 1194 3333 . Explosions 12035 | . . 797 . 141 1521 1338 1438 . . . . . 1137 . 757 2268 1375 1263 Melee 5095 | . . . . . . . . 440 . . 161 198 419 2183 98 235 515 846 Ramming 135 | . . . . . 17 . . . . . . . . . . 118 . . Kinetic 17841 | 24 60 . . . 291 536 287 253 . 602 . 7070 1724 2832 1217 1077 1868 . Thermal 7920 | . 582 . . . 286 765 204 790 . 1573 . . 1137 943 208 117 1315 . Explosive 10632 | . . 797 . 141 1521 1338 1172 . . . . . . . 757 2268 1375 1263 Electromagnetic 535 | 38 81 . . . . . 266 . . . . . . . . . 150 . Impact 799 | . . . . . . . . 440 . . 161 198 . . . . . . Slashing 4215 | . . . . . . . . . . . . . 419 2183 98 235 515 765 Piercing 81 | . . . . . . . . . . . . . . . . . . 81 Highest Corruption 11 | . . . . . . 4 4 6 6 6 . 3 2 3 9 8 11 . Average Corruption 4 | . . . . . . 3 2 4 6 6 . 1 1 2 5 6 8 . Corruption Purged . | . . . . . . . . . . . . . . . . . . . Corruption Blocked . | . . . . . . . . . . . . . . . . . . . Effects 370 | . . . . . . 44 1 52 5 108 . 21 3 41 18 15 62 . Message Errors 86 | . . . . . . 11 . 10 1 33 . 7 1 5 4 4 10 . Matter Fused 103 | . . . . . . 7 . 16 2 31 . 4 1 14 3 5 20 . Heat Flow Errors 38 | . . . . . . 7 . 9 1 5 . 3 1 6 2 . 4 . Energy Discharges 44 | . . . . . . 5 . 5 . 13 . 5 . 4 3 1 8 . Parts Rejected 3 | . . . . . . . . . . . . . . . 1 1 1 . Parts Fused 7 | . . . . . . 1 . . . 4 . . . . . . 2 . Data Loss (minor) 44 | . . . . . . 7 . 5 1 17 . 1 . 4 2 . 7 . Data Loss (major) 14 | . . . . . . 1 1 1 . 3 . . . 2 . 1 5 . Misfires 12 | . . . . . . 2 . 1 . 1 . . . 2 3 1 2 . Alerts 12 | . . . . . . 1 . 5 . 1 . 1 . 1 . 1 2 . Weapon Failures 7 | . . . . . . 2 . . . . . . . 3 . 1 1 . Overload Shots . | . . . . . . . . . . . . . . . . . . . Overflow Damage 3056 | . . 1 . . 135 16 . . . 3 76 890 849 359 257 112 92 266 Projectiles 1620 | . . . . . . 14 . . . 3 . 797 272 334 59 55 86 . Explosions 773 | . . 1 . . 135 2 . . . . . . 406 . 130 43 . 56 Melee 663 | . . . . . . . . . . . 76 93 171 25 68 14 6 210 Knockbacks 95 | . . . . . 1 13 2 5 . 4 1 22 8 9 8 6 16 . Impact 3 | . . . . . . . . 2 . . 1 . . . . . . . Kinetic 86 | . . . . . 1 13 2 3 . 4 . 21 7 9 8 6 12 . Secondary 6 | . . . . . . . . . . . . 1 1 . . . 4 . Self-Inflicted Damage 729 | . . 74 . 44 67 158 100 . . . . . . . 48 . . 238 Shots 25 | . . 4 . 2 2 9 4 . . . . . . . 1 . . 3 Rammed 8 | . . 1 . . 2 . . . . . . . . . . 5 . . Targets Rammed 10 | . . 1 . . 2 . . . . . . . . . . 7 . . Kicked . | . . . . . . . . . . . . . . . . . . . Crushed 2 | . . . . . . . . . . . . . . . . 2 . . Highest Temperature 432 | 20 216 78 . 9 63 336 33 230 77 277 85 406 276 321 432 84 374 60 Average Temperature 88 | 15 55 30 . 6 19 90 12 80 52 67 49 114 88 104 130 39 93 24 Received Heat Transfer 3574 | . 84 33 . . 117 216 282 150 . 105 . 990 . 275 44 151 1068 59 Effects 9 | . . . . . . . . . . 2 . 2 . 4 1 . . . Shutdowns 1 | . . . . . . . . . . . . 1 . . . . . . Energy Bleed 5 | . . . . . . . . . . 1 . 1 . 2 1 . . . Interference 3 | . . . . . . . . . . 1 . . . 2 . . . . Siege Activations 20 | . . . . . . . . . . . . 4 2 1 3 2 8 . Total Turns 572 | . . . . . . . . . . . . 160 37 35 56 81 203 . Longest Duration 91 | . . . . . . . . . . . . 90 26 35 24 45 91 . Robots Corrupted . | . . . . . . . . . . . . . . . . . . . Combat Hostiles . | . . . . . . . . . . . . . . . . . . . Parts Fried 7 | . . . . . . . . . . . 1 5 . 1 . . . . Impact Corruptions 9 | . . . . . . . . . . . 4 3 . . . 1 1 . Robots Melted 2 | . 1 . . . . . . . . . . . . 1 . . . . Combat Hostiles . | . . . . . . . . . . . . . . . . . . . Parts Melted 10 | . 2 . . . . . . . . . . 1 1 2 . . 4 . Heat Transferred 8105 | . 1184 . . . 481 953 296 639 . 1300 . . 850 905 185 111 1201 . Parts Sabotaged 6 | . . . . . . 6 . . . . . . . . . . . . Parts Stolen . | . . . . . . . . . . . . . . . . . . . Parts Stripped . | . . . . . . . . . . . . . . . . . . . Power Chain Reactions . | . . . . . . . . . . . . . . . . . . . Missiles Intercepted . | . . . . . . . . . . . . . . . . . . . Alert | -11 -10 -10 -10 -9 -8 -8 -7 -7 -7 -7 -6 -5 -4 -4 -3 -2 -2 -1 ------- Run | Jun Mat Min Exi Min Mat Gar Fac Gar Fac Gar Fac Fac Fac Gar Res Res Gar Acc Peak Influence 2986 | 10 218 165 . 81 416 2419 1409 2546 1437 2986 1767 1031 578 2401 1589 1195 2603 2511 Initial 1567 | . 6 8 . . 31 189 1269 979 1336 1005 1567 767 504 404 1350 883 879 1561 Average 1095 | 5 85 53 . 80 213 1047 1277 1782 1411 1864 1654 772 464 1202 1412 991 1676 1961 Maximum Alert Level 5 | . 1 . . . 2 5 4 5 4 5 5 3 2 5 4 4 5 5 Low Security (%) 16 | 100 87 100 . 100 40 3 . . . . . . . . . . . . Level 1 8 | . 12 . . . 58 20 . . . . . . 25 . . . . . Level 2 10 | . . . . . . 16 . . . . . 25 74 27 . . . . Level 3 12 | . . . . . . 16 . 6 . 3 . 74 . 20 . 66 8 . Level 4 24 | . . . . . . 16 100 23 100 33 47 . . 25 100 33 47 18 Level 5 24 | . . . . . . 26 . 69 . 63 52 . . 26 . . 43 . High Security 2 | . . . . . . . . . . . . . . . . . . 80 Max Security . | . . . . . . . . . . . . . . . . . . . Squads Dispatched 72 | . 3 . . . 6 . 5 . . . 2 11 4 . 8 5 . 28 Investigation 10 | . 2 . . . 2 . . . . . . 2 1 . 2 1 . . Extermination 13 | . . . . . . . 2 . . . . 3 3 . 2 3 . . Reinforcement 14 | . 1 . . . 1 . 1 . . . 1 4 . . . . . 6 Assault 31 | . . . . . . . 1 . . . 1 2 . . 4 1 . 22 Garrison 4 | . . . . . 3 . 1 . . . . . . . . . . . Intercept . | . . . . . . . . . . . . . . . . . . . Searches Triggered . | . . . . . . . . . . . . . . . . . . . Construction Impeded 1 | . . . . . . . . . . . . . . . . . . 1 Haulers Reinforced 3 | . . . . . . . 1 . . . . 1 . . . . . 1 Active Scanning Responses . | . . . . . . . . . . . . . . . . . . . Cargo Convoy Interrupts 2 | . . . . . . . 1 . . . . 1 . . . . . . Stealth | -11 -10 -10 -10 -9 -8 -8 -7 -7 -7 -7 -6 -5 -4 -4 -3 -2 -2 -1 --------- Run | Jun Mat Min Exi Min Mat Gar Fac Gar Fac Gar Fac Fac Fac Gar Res Res Gar Acc Distress Signals 6 | . 1 . . . 2 . 1 . . . . . . . . 1 . 1 Communications Jammed 69 | . . . . . . . . . . . 18 7 26 . 4 11 . 3 Distress Signals 69 | . . . . . . . . . . . 18 7 26 . 4 11 . 3 Times Spotted 540 | . 26 7 . 1 33 29 28 25 3 33 1 68 8 49 29 34 49 117 Peak Tracking Total 43 | . 3 3 . . 5 6 14 3 3 5 1 8 2 5 6 8 8 43 Tactical Retreats 28 | . 2 . . . . 1 1 . . 1 . 3 . 4 2 . 6 8 Traps | -11 -10 -10 -10 -9 -8 -8 -7 -7 -7 -7 -6 -5 -4 -4 -3 -2 -2 -1 ------- Run | Jun Mat Min Exi Min Mat Gar Fac Gar Fac Gar Fac Fac Fac Gar Res Res Gar Acc Traps Triggered 38 | . 1 . . . 1 14 . 4 . 7 . . 2 6 1 . 1 1 Indirectly . | . . . . . . . . . . . . . . . . . . . Trap Hack Attempts . | . . . . . . . . . . . . . . . . . . . Triggered . | . . . . . . . . . . . . . . . . . . . Disarmed 4 | . 4 . . . . . . . . . . . . . . . . . Reprogrammed . | . . . . . . . . . . . . . . . . . . . Reused 3 | . . . . . . . . . . . . . . 3 . . . . Traps Extracted 4 | . . . . . . . . . . . . . . 4 . . . . Installed 7 | . . . . . . . . . . . . . . 7 . . . . Triggered 4 | . . . . . . . . . . . . . . 3 1 . . . Most Traps Carried 4 | . . . . . . . . . . . . . . 4 1 . . . Machines | -11 -10 -10 -10 -9 -8 -8 -7 -7 -7 -7 -6 -5 -4 -4 -3 -2 -2 -1 ---------- Run | Jun Mat Min Exi Min Mat Gar Fac Gar Fac Gar Fac Fac Fac Gar Res Res Gar Acc Machines Disabled 70 | . . 2 . . 1 3 3 12 . 7 2 1 14 10 2 2 8 3 Max in Single Turn 7 | . . 1 . . 1 1 1 1 . 1 . . 7 1 1 2 2 1 Garrison Relay 26 | . . . . . . 2 . 8 . 6 . . . 5 . . 5 . Energy Cycler 1 | . . . . . . . . . . . . . . . . . . 1 Machines Repaired . | . . . . . . . . . . . . . . . . . . . Machines Sabotaged . | . . . . . . . . . . . . . . . . . . . Overloaded Fab Kills . | . . . . . . . . . . . . . . . . . . . Hacking | -11 -10 -10 -10 -9 -8 -8 -7 -7 -7 -7 -6 -5 -4 -4 -3 -2 -2 -1 --------- Run | Jun Mat Min Exi Min Mat Gar Fac Gar Fac Gar Fac Fac Fac Gar Res Res Gar Acc Machines Accessed 65 | . 8 . 2 . 9 2 3 3 1 4 . 4 10 3 7 6 3 . Terminals 44 | . 6 . . . 6 2 1 3 . 4 . 3 5 3 5 3 3 . Fabricators . | . . . . . . . . . . . . . . . . . . . Repair Stations 3 | . . . . . . . . . . . . 1 . . 2 . . . Recycling Units 8 | . 2 . . . 1 . 1 . . . . . 2 . . 2 . . Scanalyzers 3 | . . . . . 1 . . . . . . . 2 . . . . . Garrison Access 5 | . . . . . 1 . 1 . 1 . . . 1 . . 1 . . Total Hacks 160 | . 35 . 5 . 21 4 5 8 1 13 . 9 21 5 16 9 8 . Successful 80 | . 18 . 5 . 12 3 2 . 1 6 . 3 12 2 7 6 3 . Failed 79 | . 17 . . . 8 1 3 8 . 7 . 6 9 3 9 3 5 . Catastrophic 22 | . . . . . 1 . 1 3 . 1 . 4 3 2 5 2 . . Database Lockouts 1 | . . . . . 1 . . . . . . . . . . . . . Manual 60 | . 22 . 1 . 9 1 2 . . 4 . 2 10 1 7 1 . . Terminals 118 | . 30 . . . 16 4 2 8 . 13 . 6 9 5 12 5 8 . Fabricators . | . . . . . . . . . . . . . . . . . . . Repair Stations 7 | . . . . . . . . . . . . 3 . . 4 . . . Recycling Units 20 | . 5 . . . 2 . 2 . . . . . 8 . . 3 . . Scanalyzers 5 | . . . . . 2 . . . . . . . 3 . . . . . Garrison Access 5 | . . . . . 1 . 1 . 1 . . . 1 . . 1 . . Terminal Hacks 47 | . 13 . 5 . 7 2 . . . 4 . 1 5 2 3 2 3 . Record 5 | . . . 4 . 1 . . . . . . . . . . . . . Part Schematic 2 | . 2 . . . . . . . . . . . . . . . . . Robot Schematic 1 | . . . . . . . . . . . . . 1 . . . . . Robot Analysis 9 | . 7 . . . 2 . . . . . . . . . . . . . Prototype ID Bank 3 | . 1 . . . 2 . . . . . . . . . . . . . Open Door 4 | . . . . . . 1 . . . 1 . . . 1 . . 1 . Level Access Points 1 | . . . . . . . . . . . . . . . . 1 . . Branch Access Points 2 | . . . . . . . . . . . . . 1 . 1 . . . Emergency Access Points 4 | . . . . . . 1 . . . 1 . . . 1 . . 1 . Garrison Index 1 | . . . . . . . . . . . . . 1 . . . . . Unreport Threat 3 | . . . . . . . . . . . . 1 1 . . 1 . . Locate Traps 3 | . 2 . . . 1 . . . . . . . . . . . . . Disarm Traps 1 | . 1 . . . . . . . . . . . . . . . . . Dispatch Records 1 | . . . . . 1 . . . . . . . . . . . . . Maintenance Status 1 | . . . . . . . . . . . . . . . 1 . . . Patrol Status 1 | . . . . . . . . . . . . . . . 1 . . . Hauler Manifests 1 | . . . . . . . . . . . . . 1 . . . . . Garrison Registry 1 | . . . . . . . . . . 1 . . . . . . . . Patrol Navigation 1 | . . . . . . . . . . . . . . . . . 1 . Security Stations 1 | . . . . . . . . . . 1 . . . . . . . . Derelict Proto ID Bank 1 | . . . 1 . . . . . . . . . . . . . . . Fabricator Hacks . | . . . . . . . . . . . . . . . . . . . Repair Station Hacks 5 | . . . . . . . . . . . . 2 . . 3 . . . Scan Component 3 | . . . . . . . . . . . . 1 . . 2 . . . Repair 2 | . . . . . . . . . . . . 1 . . 1 . . . Recycling Unit Hacks 5 | . 1 . . . . . . . . . . . 1 . . 3 . . Retrieve Matter 1 | . . . . . . . . . . . . . . . . 1 . . Retrieve Components 4 | . 1 . . . . . . . . . . . 1 . . 2 . . Scanalyzer 3 | . . . . . 2 . . . . . . . 1 . . . . . Insert Component 2 | . . . . . 1 . . . . . . . 1 . . . . . Analyze 1 | . . . . . 1 . . . . . . . . . . . . . Garrison Access Hacks 5 | . . . . . 1 . 1 . 1 . . . 1 . . 1 . . Unlock Access 5 | . . . . . 1 . 1 . 1 . . . 1 . . 1 . . Unauthorized Hacks 15 | . 4 . . . 2 1 1 . . 2 . . 4 . 1 . . . Terminals 8 | . 2 . . . 2 1 . . . 2 . . . . 1 . . . Assimilate 1 | . 1 . . . . . . . . . . . . . . . . . Botnet 7 | . 1 . . . 2 1 . . . 2 . . . . 1 . . . Fabricators . | . . . . . . . . . . . . . . . . . . . Repair Stations . | . . . . . . . . . . . . . . . . . . . Recycling Units 7 | . 2 . . . . . 1 . . . . . 4 . . . . . Reject 1 | . . . . . . . . . . . . . 1 . . . . . Recyclers 1 | . . . . . . . . . . . . . 1 . . . . . Mask 3 | . . . . . . . 1 . . . . . 2 . . . . . Tunnel 2 | . 2 . . . . . . . . . . . . . . . . . Scanalyzers . | . . . . . . . . . . . . . . . . . . . Garrison Access . | . . . . . . . . . . . . . . . . . . . Data Cores Recovered 1 | . . . . . . . 1 . . . . . . . . . . . Used . | . . . . . . . . . . . . . . . . . . . Hacking Detections 55 | . 8 . . . 7 2 2 3 . 3 . 4 9 3 7 4 3 . Full Trace Events 12 | . 2 . . . 1 . . 3 . . . 2 1 1 2 . . . Feedback Events 1 | . . . . . . . . 1 . . . . . . . . . . Corruption 1 | . . . . . . . . 1 . . . . . . . . . . Feedback Blocked . | . . . . . . . . . . . . . . . . . . . Robot Schematics Acquired 1 | . . . . . . . . . . . . . 1 . . . . . Robots Built . | . . . . . . . . . . . . . . . . . . . Authchips . | . . . . . . . . . . . . . . . . . . . Time . | . . . . . . . . . . . . . . . . . . . Total Robot Build Rating . | . . . . . . . . . . . . . . . . . . . Part Schematics Acquired 2 | . 1 . . . 1 . . . . . . . . . . . . . Parts Built . | . . . . . . . . . . . . . . . . . . . Authchips . | . . . . . . . . . . . . . . . . . . . Time . | . . . . . . . . . . . . . . . . . . . Total Part Build Rating . | . . . . . . . . . . . . . . . . . . . Parts Repaired 2 | . . . . . . . . . . . . 1 . . 1 . . . Time 47 | . . . . . . . . . . . . 35 . . 12 . . . Parts Recycled . | . . . . . . . . . . . . . . . . . . . Recycled Matter . | . . . . . . . . . . . . . . . . . . . Retrieved Matter . | . . . . . . . . . . . . . . . . . . . Retrieved Components 14 | . 10 . . . . . . . . . . . 2 . . 2 . . Parts Scanalyzed 1 | . . . . . 1 . . . . . . . . . . . . . Part Schematics Acquired 1 | . . . . . 1 . . . . . . . . . . . . . Parts Damaged . | . . . . . . . . . . . . . . . . . . . Bothacking | -11 -10 -10 -10 -9 -8 -8 -7 -7 -7 -7 -6 -5 -4 -4 -3 -2 -2 -1 ------------ Run | Jun Mat Min Exi Min Mat Gar Fac Gar Fac Gar Fac Fac Fac Gar Res Res Gar Acc Used RIF Installer 8 | . . . . . . 2 . 2 . 1 . . . 2 . . 1 . Hotswap 1 | . . . . . . . . . . . . . . 1 . . . . Command Fork 2 | . . . . . . . . . . . . . . 1 . . 1 . Signal Jammer 1 | . . . . . . . . 1 . . . . . . . . . . Robot Detection 1 | . . . . . . . . 1 . . . . . . . . . . Watcher Feeds 1 | . . . . . . 1 . . . . . . . . . . . . Structural Interface 1 | . . . . . . . . . . 1 . . . . . . . . Robots Hacked 109 | . . . . . . . 2 14 . 14 . 16 4 19 8 1 10 21 Non-combat 22 | . . . . . . . . . . . . 8 4 . 4 1 . 5 Combat 87 | . . . . . . . 2 14 . 14 . 8 . 19 4 . 10 16 Robot Hacks Applied 115 | . . . . . . . 2 16 . 14 . 16 4 19 10 1 10 23 parse_system 3 | . . . . . . . . 2 . . . . . 1 . . . . generate_echo 1 | . . . . . . . . . . . . . . . . . . 1 map_walls 10 | . . . . . . . . . . . . 4 2 . 2 1 . 1 map_earth 1 | . . . . . . . . . . . . . 1 . . . . . find_recycling 1 | . . . . . . . . . . . . 1 . . . . . . find_station 1 | . . . . . . . . . . . . 1 . . . . . . purge_threat 2 | . . . . . . . . . . . . . . . 1 . . 1 reprogram_traps 2 | . . . . . . . . . . . . . . . 1 . . 1 block_reporting 1 | . . . . . . . . . . . . . . . 1 . . . map_route 4 | . . . . . . . . . . . . 2 . . 1 . . 1 scatter_targeting 1 | . . . . . . . . . . . . . . 1 . . . . disrupt_area 1 | . . . . . . . . 1 . . . . . . . . . . overload_power 4 | . . . . . . . . . . 2 . . . . . . . 2 amplify_resonance 15 | . . . . . . . . . . 4 . . . 6 . . . 5 disable_weapons 3 | . . . . . . . . . . 1 . . . 1 . . 1 . reboot_system 1 | . . . . . . . . 1 . . . . . . . . . . overwrite_iff 15 | . . . . . . . . . . 2 . 1 . 1 . . 2 9 streamctrl_high 3 | . . . . . . . . 1 . . . 2 . . . . . . formatsys_high 46 | . . . . . . . 2 11 . 5 . 5 1 9 4 . 7 2 Relay Couplers Released 105 | . . . . . . 9 . 34 . 26 . . . 19 . . 17 . Machine Destruction 105 | . . . . . . 9 . 34 . 26 . . . 19 . . 17 . Attached 45 | . . . . . . . 2 11 . 5 2 3 . 10 1 . 7 4 Fabnet Peak Effective % . | . . . . . . . . . . . . . . . . . . . Robots Rewired 16 | . . . . . . . . 2 . 8 . . . 5 . . 1 . Allies Hacked 8 | . . . . . . . . . . . . 1 . . . . 7 . Hacks Repelled . | . . . . . . . . . . . . . . . . . . . Allies | -11 -10 -10 -10 -9 -8 -8 -7 -7 -7 -7 -6 -5 -4 -4 -3 -2 -2 -1 -------- Run | Jun Mat Min Exi Min Mat Gar Fac Gar Fac Gar Fac Fac Fac Gar Res Res Gar Acc Total Allies 96 | . 1 6 . . . 2 2 14 . 15 . 8 1 15 4 . 15 13 Largest Group 10 | . 1 7 7 4 4 2 2 6 6 10 10 6 1 8 2 . 6 4 Highest-Rated Group 395 | . 10 118 118 49 49 51 64 188 188 281 278 168 45 371 112 . 395 276 Highest-Rated Ally 95 | . 10 31 31 16 16 31 32 39 39 39 39 68 45 56 64 . 95 95 Total Orders 11 | . . . . . . . . . . 3 . . . . . 1 . 7 STAY 1 | . . . . . . . . . . 1 . . . . . . . . FOLLOW 2 | . . . . . . . . . . 2 . . . . . . . . EXPLORE 8 | . . . . . . . . . . . . . . . . 1 . 7 Ally Attacks 454 | . . 7 . 1 21 2 3 48 17 60 34 73 . 50 19 . 77 42 Total Damage 13526 | . . 63 . 14 241 47 104 1651 333 1114 533 1937 . 1541 609 . 3172 2167 Kills 98 | . . . . 1 7 . 1 17 4 14 6 11 . 8 1 . 15 13 Allies Corrupted 7 | . . . . . . . . . . . . 1 . 3 . 1 2 . Allies Melted 3 | . . . . . . . . . . 1 . 1 . . 1 . . . Intel | -11 -10 -10 -10 -9 -8 -8 -7 -7 -7 -7 -6 -5 -4 -4 -3 -2 -2 -1 ------- Run | Jun Mat Min Exi Min Mat Gar Fac Gar Fac Gar Fac Fac Fac Gar Res Res Gar Acc Robot Analysis Total 9 | . 7 . . . 2 . . . . . . . . . . . . . Derelict Logs Recovered 2 | . . 1 . 1 . . . . . . . . . . . . . . Drone Launches 11 | . . . . . . . . . . . . . . . . 2 2 7 Drone Recoveries 3 | . . . . . . . . . . . . . . . . . . 3 Exploration | -11 -10 -10 -10 -9 -8 -8 -7 -7 -7 -7 -6 -5 -4 -4 -3 -2 -2 -1 ------------- Run | Jun Mat Min Exi Min Mat Gar Fac Gar Fac Gar Fac Fac Fac Gar Res Res Gar Acc Turns Passed 28570 | 11 1847 1928 952 234 1582 3691 771 2533 196 3310 510 1757 1542 2996 1142 783 1965 820 Spaces Moved 12226 | 3 745 567 296 63 569 1383 279 973 88 1245 187 564 649 1064 533 321 878 1819 Core . | . . . . . . . . . . . . . . . . . . . Treads 5853 | . 181 567 296 63 569 1383 279 331 2 . . 95 24 248 533 321 878 83 Legs 567 | 3 564 . . . . . . . . . . . . . . . . . Wheels 4070 | . . . . . . . . 642 86 1245 187 469 625 816 . . . . Hover . | . . . . . . . . . . . . . . . . . . . Flight 1736 | . . . . . . . . . . . . . . . . . . 1736 Fastest Speed 12 | 120 120 320 320 320 225 231 235 210 210 158 226 160 146 146 160 160 160 12 Average Speed 186 | 120 219 320 320 320 231 231 235 219 215 223 226 199 169 193 161 160 160 21 Slowest Speed 560 | 120 320 320 320 320 240 317 235 318 465 255 243 410 560 290 240 160 160 160 Overloaded Moves . | . . . . . . . . . . . . . . . . . . . Propulsion Burnouts . | . . . . . . . . . . . . . . . . . . . Robots Hopped 23 | . . . . . . . . . . . . . . . . . . 23 Cave-ins Triggered . | . . . . . . . . . . . . . . . . . . . Exploration Rate (%) 50 | 2 98 99 70 15 48 88 8 78 4 97 7 24 34 94 28 24 95 53 Regions Visited 18 Branch Regions 3 Pre-discovered Areas 4 | . 2 1 1 . . . . . . . . . . . . . . . Known Exits Taken 5 | . . . . . 1 . 1 . 1 . . . 1 . . 1 . . Unknown Exits Taken 8 | 1 1 1 1 1 . . . . . . 1 1 . . 1 . . . Scrap Searched 2 | . . 1 . 1 . . . . . . . . . . . . . . Spaces Dug 237 | . . . . 14 30 . 1 2 . 4 . 11 29 20 30 18 13 65 Terrain Destroyed 891 | . . 82 . 14 91 82 40 2 . 5 1 40 93 64 96 66 98 117 Melee 88 | . . . . . . . . 2 . 4 . 1 18 14 1 7 . 41 Projectile 249 | . . . . . 10 . 4 . . 1 1 39 23 50 42 21 54 4 AOE 554 | . . 82 . 14 81 82 36 . . . . . 52 . 53 38 44 72 Terrain Rammed . | . . . . . . . . . . . . . . . . . . . Walls Destroyed . | . . . . . . . . . . . . . . . . . . . Machines Disabled . | . . . . . . . . . . . . . . . . . . . Actions | -11 -10 -10 -10 -9 -8 -8 -7 -7 -7 -7 -6 -5 -4 -4 -3 -2 -2 -1 --------- Run | Jun Mat Min Exi Min Mat Gar Fac Gar Fac Gar Fac Fac Fac Gar Res Res Gar Acc Total 16469 | 5 863 664 305 95 776 1722 349 1283 94 1668 266 1025 977 1762 722 498 1261 2134 Wait 1862 | . 26 87 . 32 99 159 24 89 . 171 60 169 209 332 79 52 152 122 Move 12164 | 2 744 566 295 62 569 1379 278 969 87 1244 186 563 648 1063 532 320 877 1780 Hop 15 | . . . . . . . . . . . . . . . . . . 15 Pick Up 209 | . 20 2 6 . 13 13 2 16 1 18 5 26 11 27 11 11 13 14 Fast Attach 114 | . 5 . . . 6 9 3 6 . 5 . 23 7 13 2 7 10 18 Attach 117 | . 4 . . . 3 5 2 10 . 6 5 19 9 17 6 5 11 15 Detach 37 | . 3 . . . 1 . . 1 . 4 1 9 2 2 1 2 3 8 Swap 268 | . 3 . . . 21 22 5 24 1 12 1 38 22 34 23 23 28 11 Drop 246 | . 9 . 4 . 22 21 3 17 2 18 2 46 6 35 7 13 18 23 Fire 964 | 3 49 8 . 1 40 86 32 63 3 92 3 128 39 138 58 44 139 38 Melee 184 | . . . . . . 6 . 17 . 9 3 4 24 46 2 14 8 51 Ram . | . . . . . . . . . . . . . . . . . . . Kick . | . . . . . . . . . . . . . . . . . . . Crush 10 | . . 1 . . 2 . . . . . . . . . . 7 . . Escape Stasis 146 | . . . . . . 22 . 20 . 39 . . . 26 . . . 39 Rewire 126 | . . . . . . . . 51 . 50 . . . 22 1 . 2 . Trap 7 | . . . . . . . . . . . . . . 7 . . . . Miscellaneous . | . . . . . . . . . . . . . . . . . . . Route ------- -11/Junkyard -10/Materials (discovered 4 exits: [*Mat x3] / [*Min]) -10/Mines (discovered 4 exits: [*Mat x2] / *Exi / [*Sub]) -10/Exiles -9/Mines -8/Materials -8/Garrison (discovered 3 exits: *Fac x3) -7/Factory -7/Garrison (discovered 3 exits: *Fac x3) -7/Factory -7/Garrison (discovered 3 exits: [*Fac x3]) -6/Factory -5/Factory -4/Factory (discovered 4 exits: *Upp x2 / Arm / Gar) -4/Garrison (discovered 3 exits: *Res x3) -3/Research (discovered 4 exits: *Res x2 / *Qua x2) -2/Research (discovered 4 exits: Acc x3 / Gar) -2/Garrison (discovered 3 exits: *Acc x3) -1/Access To Epsilon Eridani History --------- Turn | Location | Event 10 | -11/Junkyard | Discovered new exit (range 3) 12 | -11/Junkyard | Entered Materials 215 | -10/Materials | Discovered new exit (range 10) 311 | -10/Materials | Build established: Mutant 505 | -10/Materials | Discovered new exit (range 9) 741 | -10/Materials | Discovered new exit (range 4) 1655 | -10/Materials | Discovered new exit (range 9) 1859 | -10/Materials | Entered Mines 1859 | -10/Mines | Accompanied by 1 ally 2140 | -10/Mines | Discovered new exit (range 5) 2449 | -10/Mines | Escorted by a lone wolf Derelict 2451 | -10/Mines | Discovered new exit (range 5) 2451 | -10/Mines | Discovered new exit (range 7) 2469 | -10/Mines | Learned location of Storage (-9) 2669 | -10/Mines | Received a Rocket Launcher from a helpful Derelict 2903 | -10/Mines | Deemed a non-threat by the Exiles lab entrance 2907 | -10/Mines | Discovered new exit (range 5) 3028 | -10/Mines | Assisted by bots powering up and referring to "LRC-V3" 3089 | -10/Mines | Learned Materials stockpile data 3322 | -10/Mines | Build established: Commander-Mutant 3787 | -10/Mines | Entered Exiles 3787 | -10/Exiles | Accompanied by 7 allies 3817 | -10/Exiles | Led the pair of lost Derelicts to a safe place 3870 | -10/Exiles | Met 8R-AWN 3922 | -10/Exiles | Met EX-HEX 4090 | -10/Exiles | Met EX-DEC 4147 | -10/Exiles | Learned location of Zion (-7) 4205 | -10/Exiles | Met EX-BIN 4250 | -10/Exiles | Aligned with FarCom system 4253 | -10/Exiles | Given EX-Vault access code 4342 | -10/Exiles | Opened EX-Vault 4362 | -10/Exiles | Found Modified TNC 4427 | -10/Exiles | Warned to stay clear of 0b10 Research branches 4711 | -10/Exiles | Discovered new exit (range 11) 4739 | -10/Exiles | Left Exiles lab with Modified TNC 4739 | -10/Exiles | Entered Mines 4739 | -9/Mines | Accompanied by 4 allies 4750 | -9/Mines | Met a Derelict bent on vengeance 4755 | -9/Mines | Learned Materials terminal intel 4861 | -9/Mines | Discovered new exit (range 6) 4973 | -9/Mines | Entered Materials 4973 | -8/Materials | Accompanied by 4 allies 4973 | -8/Materials | Evolved 4 slots: Propulsion x2, Utility x2 4975 | -8/Materials | Loaded intel: 12 terminal locations 5335 | -8/Materials | Build established: Mutant 6419 | -8/Materials | Central database locked down 6555 | -8/Materials | Identified exit to Garrison 6555 | -8/Materials | Entered Garrison 6624 | -8/Garrison | Triggered checkpoint 6690 | -8/Garrison | Triggered checkpoint 7163 | -8/Garrison | Installed Relay Interface Framework 7200 | -8/Garrison | Triggered checkpoint 7471 | -8/Garrison | Triggered checkpoint 7577 | -8/Garrison | Discovered new exit (range 10) 7724 | -8/Garrison | Triggered checkpoint 7934 | -8/Garrison | Triggered checkpoint 8090 | -8/Garrison | Triggered checkpoint 8179 | -8/Garrison | Rescued a captive Derelict 8286 | -8/Garrison | Discovered new exit (range 3) 8379 | -8/Garrison | Expanded RIF knowledge: Watcher Feeds 8959 | -8/Garrison | Discovered new exit (range 10) 9248 | -8/Garrison | Garrison Relay disabled 9982 | -8/Garrison | Garrison Relay disabled 10246 | -8/Garrison | Entered Factory 10246 | -7/Factory | Evolved 2 slots: Utility x2 10263 | -7/Factory | Identified exit to Garrison 10646 | -7/Factory | First assault squad dispatched 10985 | -7/Factory | Cargo convoy interrupted 10992 | -7/Factory | Garrison activated, responded to threat 11017 | -7/Factory | Entered Garrison 11032 | -7/Garrison | Lost 3 parts (1p1n1w) 11148 | -7/Garrison | Triggered checkpoint 11197 | -7/Garrison | Garrison Relay disabled 11363 | -7/Garrison | Garrison Relay disabled 11419 | -7/Garrison | Garrison Relay disabled 11425 | -7/Garrison | Garrison Relay disabled 11446 | -7/Garrison | Garrison Relay disabled 11529 | -7/Garrison | Triggered checkpoint 11552 | -7/Garrison | Triggered checkpoint 11618 | -7/Garrison | Triggered checkpoint 11621 | -7/Garrison | Triggered checkpoint 11672 | -7/Garrison | Build established: Bothacker-Mutant 11776 | -7/Garrison | Triggered checkpoint 11871 | -7/Garrison | Expanded RIF knowledge: Signal Jamming 11902 | -7/Garrison | Garrison Relay disabled 12086 | -7/Garrison | Discovered new exit (range 14) 12277 | -7/Garrison | Discovered new exit (range 10) 12320 | -7/Garrison | Triggered checkpoint 12355 | -7/Garrison | Garrison Relay disabled 12440 | -7/Garrison | Expanded RIF knowledge: Robot Detection 12623 | -7/Garrison | Discovered new exit (range 12) 12749 | -7/Garrison | Build established: Botlord-Mutant 12804 | -7/Garrison | Triggered checkpoint 12839 | -7/Garrison | Garrison Relay disabled 13106 | -7/Garrison | Build established: Bothacker-Mutant 13550 | -7/Garrison | Entered Factory 13550 | -7/Factory | Accompanied by 6 allies 13733 | -7/Factory | Identified exit to Garrison 13746 | -7/Factory | Entered Garrison 13746 | -7/Garrison | Accompanied by 4 allies 13820 | -7/Garrison | Triggered checkpoint 13859 | -7/Garrison | Garrison Relay disabled 14050 | -7/Garrison | Triggered checkpoint 14092 | -7/Garrison | Triggered checkpoint 14102 | -7/Garrison | Triggered checkpoint 14190 | -7/Garrison | Triggered checkpoint 14247 | -7/Garrison | Garrison Relay disabled 14268 | -7/Garrison | Triggered checkpoint 14461 | -7/Garrison | Discovered new exit (range 12) 14649 | -7/Garrison | Expanded RIF knowledge: Structural Interface 14753 | -7/Garrison | Garrison Relay disabled 14820 | -7/Garrison | Discovered new exit (range 10) 14844 | -7/Garrison | Learned Factory security intel 14955 | -7/Garrison | Build established: Botlord-Mutant 14956 | -7/Garrison | Triggered checkpoint 15081 | -7/Garrison | Garrison Relay disabled 15166 | -7/Garrison | Triggered checkpoint 15263 | -7/Garrison | Discovered new exit (range 15) 15318 | -7/Garrison | Triggered checkpoint 15329 | -7/Garrison | Garrison Relay disabled 15480 | -7/Garrison | Build established: Bothacker-Mutant 15562 | -7/Garrison | Triggered checkpoint 15638 | -7/Garrison | Garrison Relay disabled 15669 | -7/Garrison | Discovered new exit (range 24) 15669 | -7/Garrison | Discovered new exit (range 44) 15669 | -7/Garrison | Discovered new exit (range 51) 16764 | -7/Garrison | Build established: Botlord-Mutant 17056 | -7/Garrison | Entered Factory 17056 | -6/Factory | Accompanied by 10 allies 17056 | -6/Factory | Evolved 2 slots: Utility x2 17224 | -6/Factory | Discovered new exit (range 7) 17406 | -6/Factory | First assault squad dispatched 17566 | -6/Factory | Entered another Factory area 17566 | -5/Factory | Accompanied by 6 allies 17566 | -5/Factory | Evolved 2 slots: Utility x1, Weapon x1 18135 | -5/Factory | Cargo convoy interrupted 18166 | -5/Factory | First assault squad dispatched 18186 | -5/Factory | Lost 5 parts (1p3n1u) 18229 | -5/Factory | Found Prototype Hackware 18292 | -5/Factory | Found Prototype Device 18292 | -5/Factory | Identified Adv. Kinecellerator 18305 | -5/Factory | Found Adv. Kinecellerator 18920 | -5/Factory | Repaired Hvy. Deuterium Engine 19261 | -5/Factory | Discovered new exit (range 13) 19323 | -5/Factory | Entered another Factory area 19323 | -4/Factory | Evolved 2 slots: Power x1, Utility x1 19405 | -4/Factory | Identified exit to Upper Caves 19405 | -4/Factory | Identified exit to Armory 19644 | -4/Factory | Build established: Mutant 20366 | -4/Factory | Identified Exp. Hacking Suite 20833 | -4/Factory | Identified exit to Garrison 20865 | -4/Factory | Entered Garrison 20898 | -4/Garrison | Garrison Relay disabled 20932 | -4/Garrison | Triggered checkpoint 21063 | -4/Garrison | Triggered checkpoint 21162 | -4/Garrison | Spotted B-86 Titan 21200 | -4/Garrison | Build established: Bothacker-Mutant 21313 | -4/Garrison | Garrison Relay disabled 21404 | -4/Garrison | Discovered new exit (range 10) 21573 | -4/Garrison | Expanded RIF knowledge: Command Fork 21670 | -4/Garrison | Triggered checkpoint 21685 | -4/Garrison | Garrison Relay disabled 22088 | -4/Garrison | Triggered checkpoint 22124 | -4/Garrison | Triggered checkpoint 22299 | -4/Garrison | Destroyed B-86 Titan 22775 | -4/Garrison | Lost 3 parts (1n2u) 22851 | -4/Garrison | Discovered new exit (range 10) 22934 | -4/Garrison | Triggered checkpoint 22989 | -4/Garrison | Garrison Relay disabled 23181 | -4/Garrison | P-70 Sage assimilated allied Sentinel 7d 23388 | -4/Garrison | Discovered new exit (range 10) 23438 | -4/Garrison | Triggered checkpoint 23627 | -4/Garrison | Build established: Botlord-Mutant 23690 | -4/Garrison | Garrison Relay disabled 23708 | -4/Garrison | Expanded RIF knowledge: Hotswap 23861 | -4/Garrison | Entered Research 23861 | -3/Research | Accompanied by 1 ally 23861 | -3/Research | Evolved 2 slots: Propulsion x2 23901 | -3/Research | Discovered new exit (range 5) 24067 | -3/Research | Identified exit to Quarantine 24117 | -3/Research | Found Unknown Launcher 24219 | -3/Research | Identified Fusion Bomb Launcher 24611 | -3/Research | First assault squad dispatched 24636 | -3/Research | Found Fusion Bomb Launcher 24772 | -3/Research | Discovered new exit (range 23) 24920 | -3/Research | Repaired Hvy. Armor Plating 25003 | -3/Research | Entered another Research area 25003 | -2/Research | Evolved 2 slots: Utility x2 25041 | -2/Research | Identified exit to Access 25279 | -2/Research | Build established: Bothacker-Mutant 25303 | -2/Research | First assault squad dispatched 25400 | -2/Research | Destroyed 9 combat bots 25449 | -2/Research | Found Heavy Servo Lattice 25487 | -2/Research | Found Gamma Bomb Array 25688 | -2/Research | Build established: Hacker-Mutant 25707 | -2/Research | Found Fusion Bomb Launcher 25766 | -2/Research | Identified exit to Garrison 25786 | -2/Research | Entered Garrison 25988 | -2/Garrison | Spotted B-90 Cyclops 26098 | -2/Garrison | Triggered checkpoint 26163 | -2/Garrison | Lost 4 parts (1p2u1w) 26238 | -2/Garrison | Garrison Relay disabled 26607 | -2/Garrison | Rescued a captive Derelict 26609 | -2/Garrison | Rescued a captive Derelict 26645 | -2/Garrison | Garrison Relay disabled 26668 | -2/Garrison | Triggered checkpoint 26712 | -2/Garrison | Build established: Botlord-Mutant 26739 | -2/Garrison | Discovered exit to Access (range 14) 26790 | -2/Garrison | Found Unknown Device 26790 | -2/Garrison | Identified Adv. Force Booster 26881 | -2/Garrison | Triggered checkpoint 26884 | -2/Garrison | Triggered checkpoint 26896 | -2/Garrison | Triggered checkpoint 26900 | -2/Garrison | Triggered checkpoint 26917 | -2/Garrison | Allies destroyed B-90 Cyclops 27040 | -2/Garrison | Triggered checkpoint 27100 | -2/Garrison | Triggered checkpoint 27126 | -2/Garrison | Garrison Relay disabled 27138 | -2/Garrison | Found embedded Infiltrators 27223 | -2/Garrison | Discovered exit to Access (range 11) 27388 | -2/Garrison | Discovered exit to Access (range 8) 27439 | -2/Garrison | Expanded RIF knowledge: Command Fork 27474 | -2/Garrison | Triggered checkpoint 27522 | -2/Garrison | Garrison Relay disabled 27631 | -2/Garrison | System corruption reached 10% 27751 | -2/Garrison | Entered Access 27751 | -1/Access | Accompanied by 3 allies 27751 | -1/Access | Evolved 2 slots: Utility x2 27905 | -1/Access | Energy Cycler disabled 27909 | -1/Access | High security lockdown imminent 27943 | -1/Access | Destroyed 7 combat bots 27989 | -1/Access | High security lockdown engaged 28067 | -1/Access | Spotted Executioner 28150 | -1/Access | Spotted Investigator 28155 | -1/Access | Scanned by Researcher 28192 | -1/Access | Build established: Botlord-Sprinter 28242 | -1/Access | Spotted B-99 Colossus 28260 | -1/Access | Found Unknown Device 28260 | -1/Access | Identified Adv. Force Booster 28460 | -1/Access | Spotted B-99 Colossus 28508 | -1/Access | Spotted Executioner 28508 | -1/Access | Spotted Executioner 28508 | -1/Access | Spotted Executioner 28546 | -1/Access | Spotted Striker 28571 | -1/Access | Discovered new exit (range 7) 28571 | -1/Access | Spotted B-99 Colossus 28571 | -1/Access | Spotted B-99 Colossus 28571 | *** | Escaped! Last Messages --------------- 28546_ Knocked back. 28546_ Penetrated by Slug. 28551_ C-30 ARC bursts open, deploying its payload. 28551_ H-88 Terminator unfolds itself. 28551_ Penetrated by Slug. 28551_ Core Analyzer destroyed. 28551_ Plasma Sword destroyed. 28551_ Slug penetrates Wall. >>amplify_resonance Amplifying resonance, compromised power stability. 28565_ S-43 Plague Lgt. Antimatter Reactor critical resonance detonation. 28565_ E-15 Imp destroyed. 28565_ S-43 Plague destroyed. Sealed Heavy Doors opened remotely. 28571_ EXIT=FOUND 28571_ The Access Shell folds into the floor. 28571_ Terminal disabled. 28571_ Relay Coupler [Brawler] destroyed. 28571_ Critical hit (Blast). Map ----- +----------------------------------------------------+ | ?????????????????????????????????????????# | | ?????????????????????????????????????????# | | ?????????????????????????????????????????# | | ?????????????????????????????????????????# | | ?????????????????????????????????????????# | | ?????????????????????????????????????????# | | ?????????????????????????????????????????# | | ?????????????????????????????????????????# | | ???????????????????????????????????#?????# | | ??????????????????????????????????? ????# ] | | ??????????????????????? R ?????? ????#== | | ????????????????????? ???? "" ???# | | ???????????????????# #??? "" ???# | | ???????????????????# #?# "T ??#+####### | | ???????????????????# BB BB #?# "" ?# #?????? | | ???????????????????# BB BB #?# "" # ####### | | ???????????????????# #?# # | | ???????????????????# #?# " | | ???????????????????# #?# # | | ???????????????????# #?# + | | ???????????????????# #?# ######### | | ???????????????????# #?# ] ????????? | | ???????????????????# #?# ?????????? | | ???????????????????# #?# " ?????????? | | ???????????????????# "" #?####/##??##??????? | | ???????????????????# "@ #?# %??? ????? | | ???????????????????# #?# ??? ????? | | ???????????????????# #?# " ""????? | | ???????????????????# #?# """ ""#???? | | ??????????????????## % ### """ ""#???? | | ?????H????????????# ## " ! T????? | | ??????????????????##"" ### ""????? | | ???????????????????#"" #?# ""#???? | | ???????????????????#"" #?# "?????? | | ???????????????????#T #?# ???????? | | ???????????????????#" #?# ?????????? | | ???????????????????#"" #?? ???????????? | | ?????????????????###"" #####+###########??? | | ????????????? k #??? | | ???????????? w #??? | | ?????????????############################### #??? | | ???????????????????????????????????????????# #??? | | ???????????????????????????????????????????# #??? | | ???????????????????????????????????????????# #### | | ???????????????????????????????????????????# | | ???????????????????????????????????????????# | | ???????????????????????????????????????????# | | ???????????????????????????????????????????# | | ???????????????????????????????????????????####### | | ?????????????????????????????????????????????????? | +----------------------------------------------------+ Best States ------------- Heat Dissipation 90 Energy Generation 41 Energy Capacity 1115 Matter Stores 300 Matter Capacity 300 Sight Range 16 Terrain Scan Density 10 Jamming Range 16 Power Amplification 40 Additional Mass Support 9 Armor Coverage 1500 Resistance: KI 30 Core Shielding 30 Power Shielding 66 Weapon Cycling 20 Evasion (%) 74 Core Analysis 6 Recoil Reduction 6 Kinecelleration 50 Offensive Hacking 38 Defensive Hacking 14 Relay Coupler Types 7 Relay Coupler Value 246 Trap Extractor Capacity 8 Item Schematics ----------------- Huge Storage Unit | -10/Materials | Hacked Humpback | -8/Materials | Scanalyzed Robot Schematics ------------------ B-60 Warrior | -4/Factory | Hacked Fabricated ------------ Nothing Alien Tech Used ----------------- None Achievements -------------- Pwned Challenges ------------ None Game ------ Seed NuclearStructuralDetonator Manual? 0 Play Time 05:54:51 Cumulative 1045.0 hours Start 2023.11.07 @ 18:41:20 End 2023.11.14 @ 20:07:19 Sessions 9 Manual Loads 0 Difficulty Rogue Special Mode None Game No. 220 Rogue 188 Adventurer 31 Explorer 1 Win Type 0 Total 47 Types 33/0/6/7/0/0/1/0/0 Lore% 84 Gallery% 89 Achievement% 80 Wizard Run 0 Options --------- ASCII 0 Keyboard 0 Movement Arrows Keybinds 0 Fullscreen 1 Font 20/Terminus Map View 66x50 Tactical HUD 1 Map Filters NONE Filters NONE Steam 1 RUN: f18213cd-33a3-4c1b-8816-a20b4ca36678